 Dungeon Crawl Stone Soup version bcrawl-1.13 (webtiles) character file.

Game seed: 9544762093740013730

5656 RedPan the Martial Artist (level 10, -1/81 HPs)
             Began as a Green Draconian Transmuter on July 26, 2019.
             Was a Follower of Makhleb.
             Slain by a centaur warrior (10 damage)
             ... on level 8 of the Dungeon.
             The game lasted 00:15:51 (9876 turns).

RedPan the Martial Artist (DrTm)                    Turns: 9876, Time: 00:15:52

Health: -1/81      AC:  2    Str: 12    XL:     10   Next: 46%
Magic:  14/14      EV: 26    Int: 17    God:    Makhleb [*.....]
Gold:   541        SH:  0    Dex: 17    Spells: 7/13 levels left

rFire    . . .     SeeInvis .     - Unarmed
rCold    . . .     Gourm    .   (shield currently unavailable)
rNeg     . . .     Faith    .   (armour unavailable)
rPois    x         Spirit   .   (helmet currently unavailable)
rElec    .         Reflect  .   (cloak currently unavailable)
rCorr    .         Harm     .   (gloves currently unavailable)
MR       .....                  (boots currently unavailable)
Stlth    ++........             (no amulet)
HPRegen  0.23/turn              (no ring)
MPRegen  0.14/turn              (no ring)

@: about to teleport, spider-form
A: tiny, (breathe noxious fumes), unfitting armour, AC +7
a: End Transformation, Renounce Religion


You were on level 8 of the Dungeon.
You worshipped Makhleb.
Makhleb was aware of your devotion.
You were very hungry.
You were a venomous arachnid creature.
You visited 1 branch of the dungeon, and saw 8 of its levels.

You collected 541 gold pieces.

Inventory:

Hand Weapons
 o - the +2 hunting sling of Atinit {elec, rC+++ rN+ Dex-3 SInv, unknown}
   (You found it on level 5 of the Dungeon)

   It charges the ammunition it shoots with electricity; occasionally upon a
   hit, such missiles may discharge and cause terrible harm.
   It affects your dexterity (-3).
   It renders you almost immune to cold.
   It protects you from negative energy.
   It lets you see invisible.
Missiles
 a - 751 arrows
Armour
 i - a +0 cloak (melded)
Jewellery
 u - a +3 ring of strength
Wands
 e - a wand of polymorph (8)
 h - a wand of clouds (3)
 m - a wand of digging (4)
 n - a wand of acid (8)
 r - a wand of disintegration (18)
Scrolls
 b - 4 scrolls of identify
 j - 6 scrolls of remove curse
 l - 2 scrolls of teleportation
 q - a scroll of enchant armour {unknown}
 w - a scroll of blinking {unknown}
 x - 2 scrolls of fear
Potions
 c - a potion of lignification
 f - 2 potions of curing
 g - 4 potions of cancellation
 k - 2 potions of brilliance
 p - a potion of haste {unknown}
 s - a potion of mutation {unknown}
 t - a potion of heal wounds
 v - a potion of magic
 z - a potion of might {unknown}
Comestibles
 d - 13 rations {!d}


   Skills:
 - Level 5.0 Fighting
 + Level 7.5 Dodging
 + Level 9.5 Unarmed Combat
 - Level 2.0 Spellcasting
 - Level 6.0 Transmutations
 - Level 4.8 Poison Magic
 - Level 6.0 Invocations


You had 7 spell levels left.
You knew the following spells:

 Your Spells              Type           Power        Failure   Level  Hunger
a - Beastly Appendage     Tmut           ###...       7%          1    #......
b - Sticks to Snakes      Tmut           ###.....     10%         2    ###....
c - Spider Form           Tmut/Pois      ###          17%         3    ###....

Your spell library contained the following spells:

 Spells                   Type           Power        Failure   Level  Hunger
 Shackle                  Hex            #.......     50%         2    ###....
 Blade Hands              Tmut           ###.......   63%         5    ######.
 Confuse                  Hex            #.......     71%         3    ###....
 Ice Form                 Ice/Tmut       ##......     71%         4    #####..
 Iskenderun's Battlesphe  Conj/Chrm      #.......     100%        5    ######.
 Iron Shot                Conj/Erth      #.........   100%        6    #######
 Poison Arrow             Conj/Pois      #.........   100%        6    #######
 Mana Rupture             Conj/Hex       #.........   100%        7    #######
 Orb of Destruction       Conj           #.........   100%        7    #######
 Spellforged Servitor     Conj/Summ      #.........   100%        7    #######
 Discord                  Hex            #.........   100%        8    #######


Dungeon Overview and Level Annotations

Branches:
Dungeon (8/12)             Temple (0/1) D:7
   Lair: D:7-10         Orc: D:8-11

Altars:
Gozag
Hepliaklqana
Kikubaaqudgha
Makhleb
Yredelemnul

Shops:
D:4 :

Annotations:
D:4 1 runed translucent door, letownia's ghost, amateur SDWz


Innate Abilities, Weirdness & Mutations

((You can breathe blasts of noxious fumes.))
((Your lurid green scales are hard. (AC +7)))
You cannot fit into any form of body armour.
((Your system is resistant to poisons. (rPois)))
((You are cold-blooded and may be slowed by cold attacks.))


Message History

The centaur warrior shoots an arrow.
The arrow completely misses you.
The centaur warrior shoots an arrow.
The arrow closely misses you.
Things that are here:
a +0 short sword; an elf corpse The centaur warrior shoots an arrow.
The arrow hits you!!
The centaur warrior shoots an arrow.
The arrow misses you.
The centaur warrior shoots an arrow.
The arrow barely misses you.
The centaur warrior shoots an arrow.
The arrow hits you!!
* * * LOW HITPOINT WARNING * * *
Okay, then.
As you read the scroll of teleportation, it crumbles to dust.
You feel strangely unstable.
An iguana comes into view.
The centaur warrior unwields a +0 shortbow.
The centaur warrior completely misses you. x2
The iguana moves out of view.
You bite the centaur warrior!
The centaur warrior is poisoned.
The centaur warrior is lightly wounded.
The centaur warrior hits you!
You die...

...# .# .. #..# .##.. #
..(## .##.#
#..##..##5##.#
#..)....#.##.#
#....##.# #..l###.#
#.)..5c.# #...###s#
#.#.###.# #.#..##.#
####### #.....#.#
#...... ####..#.#
#.##### ###.#.# #.#####
#.#...# #.#.... #####
#.#...###### #.#.###
###...######...........
#.#.#


You could see a centaur warrior, an iguana (wandering) and a crimson imp.

Vanquished Creatures
  A two-headed ogre (D:8)
  A deep elf mage (D:8)
  A komodo dragon (D:8)
  Prince Ribbit (D:6)
  3 hippogriffs
  Grinder (D:6)
  A spriggan (D:8)
  Menkaure (D:2)
  Edmund (D:6)
  An ice beast (D:5)
  An orc warrior (D:6)
  A sky beast (D:4)
  A phantom (D:5)
  A black bear (D:8)
  3 ogres
  2 centaurs (D:5)
  2 crocodiles (D:7)
  Blork the orc (D:4)
  2 bullfrogs (D:7)
  3 scorpions
  5 killer bees (D:8)
  2 bullfrog zombies
  6 crimson imps
  A quasit (D:6)
  A jelly (D:8)
  An orc priest (D:6)
  Crazy Yiuf (D:2)
  4 orc wizards
  6 hounds
  2 centaur skeletons
  Ijyb (D:3)
  Natasha (thrice) (D:3)
  An iguana (D:8)
  6 worker ants
  2 hound zombies
  2 worker ant zombies
  Robin (D:2)
  6 adders
  A shadow imp (D:6)
  5 oozes
  An adder skeleton (D:8)
  5 worms
  3 dart slugs
  5 leopard geckos
  12 orcs
  A ball python (D:1)
  A bat zombie (D:2)
  5 giant cockroaches
  14 goblins
  4 hobgoblins
  14 jackals
  7 kobolds
  3 quokkas
  6 bats
  6 frilled lizards
  4 rats
177 creatures vanquished.

Vanquished Creatures (others)
  A plant (D:8)
1 creature vanquished.

Grand Total: 178 creatures vanquished

Notes
Turn   | Place    | Note
-------+----------+-------------------------------------------
     0 | D:1      | RedPan the Draconian Transmuter began the quest for the
                  | Orb.
     0 | D:1      | Reached XP level 1. HP: 16/16 MP: 3/3
   103 | D:1      | Reached XP level 2. HP: 23/23 MP: 3/5
   121 | D:1      | Learned a level 2 spell: Sticks to Snakes
   390 | D:1      | Reached XP level 3. HP: 23/28 MP: 4/6
   395 | D:1      | Learned a level 3 spell: Spider Form
   640 | D:2      | Found a transporter.
  1001 | D:2      | Reached skill level 1 in Poison Magic
  1055 | D:2      | Found a transporter.
  1099 | D:2      | Reached XP level 4. HP: 25/35 MP: 2/7
  1144 | D:2      | Noticed Robin
  1203 | D:2      | Killed Robin
  1364 | D:2      | Found a basalt altar of Yredelemnul.
  1369 | D:2      | Noticed Menkaure
  1447 | D:2      | Found an ancient bone altar of Kikubaaqudgha.
  1885 | D:2      | Reached XP level 5. HP: 38/40 MP: 4/8
  1924 | D:2      | Found a runed door.
  2147 | D:2      | Noticed Crazy Yiuf
  2153 | D:2      | Killed Crazy Yiuf
  2399 | D:2      | Killed Menkaure
  2399 | D:2      | Reached skill level 5 in Transmutations
  2399 | D:2      | Reached XP level 6. HP: 14/47 MP: 6/9
  2429 | D:2      | Identified the Collected Works on Execration
  2986 | D:3      | Noticed Natasha
  3029 | D:3      | Killed Natasha
  3290 | D:3      | Noticed Ijyb
  3297 | D:3      | Killed Ijyb
  3571 | D:3      | Noticed Natasha
  3579 | D:3      | Killed Natasha
  3735 | D:3      | Noticed Natasha
  3743 | D:3      | Killed Natasha
  3766 | D:4      | Your scales start taking on a lurid green colour.
  3766 | D:4      | Reached XP level 7. HP: 44/52 MP: 10/10
  3766 | D:4      | Gained mutation: Your system is resistant to poisons.
                  | (rPois) [Green Draconian growth]
  4087 | D:4      | Reached skill level 4 in Unarmed Combat
  4310 | D:4      | Noticed Blork the orc
  4326 | D:4      | Killed Blork the orc
  4326 | D:4      | Reached skill level 5 in Unarmed Combat
  4607 | D:4      | Found Geannoer's Book Emporium.
  4690 | D:4      | Found a runed translucent door.
  4691 | D:4      | Noticed letownia's ghost (amateur SDWz)
  4691 | D:4      | Noticed a tengu conjurer
  4838 | D:4      | Reached XP level 8. HP: 55/62 MP: 11/11
  5029 | D:5      | Entered Level 5 of the Dungeon
  5235 | D:5      | Reached skill level 6 in Unarmed Combat
  5491 | D:5      | Noticed a hippogriff
  5507 | D:5      | Killed a hippogriff
  5783 | D:5      | Got a pitted hunting sling
  6079 | D:5      | Found a burning altar of Makhleb.
  6093 | D:5      | Became a worshipper of Makhleb the Destroyer
  6514 | D:6      | Noticed Grinder
  6532 | D:6      | Killed Grinder
  6532 | D:6      | Reached skill level 5 in Fighting
  6532 | D:6      | Reached skill level 1 in Invocations
  6707 | D:6      | Noticed Prince Ribbit
  6717 | D:6      | Killed Prince Ribbit
  6717 | D:6      | Reached skill level 7 in Unarmed Combat
  6717 | D:6      | Reached XP level 9. HP: 45/74 MP: 12/12
  6943 | D:6      | Noticed Edmund
  6955 | D:6      | Killed Edmund
  7062 | D:6      | Found a hazy altar of Hepliaklqana.
  7114 | D:6      | Reached skill level 5 in Dodging
  8120 | D:7      | Found an opulent altar of Gozag.
  8134 | D:7      | Reached skill level 8 in Unarmed Combat
  8275 | D:7      | Reached * piety under Makhleb
  8434 | D:7      | Found a staircase to the Ecumenical Temple.
  8489 | D:7      | Reached skill level 5 in Invocations
  8899 | D:8      | Noticed a two-headed ogre
  8915 | D:8      | Killed a two-headed ogre
  8915 | D:8      | Reached XP level 10. HP: 52/81 MP: 8/14
  9248 | D:8      | Reached skill level 9 in Unarmed Combat
  9855 | D:8      | Noticed a deep elf mage
  9857 | D:8      | Noticed a centaur warrior
  9865 | D:8      | Killed a deep elf mage
  9876 | D:8      | Slain by a centaur warrior

Skill      XL: |  1  2  3  4  5  6  7  8  9 10 |
---------------+-------------------------------+-----
Transmutations | 3 4 5 6 |  6.0
Poison Magic   | 1 2 3 4 |  4.8
Unarmed Combat | 5 7 8 9 |  9.5
Dodging        | 2 4 6 7 |  7.5
Fighting       | 2 5 |  5.0
Invocations    | 2 5 6 |  6.0
Spellcasting   | |  2.0

Action                   |  1- 3 |  4- 6 |  7- 9 | 10-12 || total
-------------------------+-------+-------+-------+-------++-------
Melee: Unarmed           |   110 |   191 |   354 |    80 ||   735
       Tailslap          |    13 |     3 |       |       ||    16
       Headbutt          |     8 |       |       |       ||     8
       Kick              |     4 |       |       |       ||     4
       Punch             |     1 |       |       |       ||     1
 Cast: Beastly Appendage |    16 |       |       |       ||    16
       Spider Form       |     4 |    10 |       |       ||    14
       Sticks to Snakes  |       |       |     2 |     2 ||     4
 Abil: End Transformatio |       |     1 |       |       ||     1
  Use: Scroll            |       |     9 |     1 |     1 ||    11
       Potion            |       |     2 |       |     1 ||     3
 Stab: Sleeping          |     1 |     2 |     3 |     1 ||     7
       Distracted        |       |       |     1 |     1 ||     2
  Eat: Chunk             |     1 |     7 |    12 |     3 ||    23
       Ration            |       |     1 |     1 |       ||     2
Armor: Skin              |    28 |    42 |    16 |     4 ||    90
Dodge: Dodged            |   108 |   180 |   299 |    84 ||   671
